 Dungeon Crawl Stone Soup version 0.30-a0-879-ga8ba668304 (webtiles) character file.

Game seed: 14047987026972526442

2953 jasper the Magician (level 10, -7/73 HPs)
             Began as a Djinni Venom Mage on Mar 13, 2023.
             Mangled by a slime creature (15 damage)
             ... on level 9 of the Dungeon.
             The game lasted 00:12:39 (6484 turns).

jasper the Magician (Djinni Venom Mage)             Turns: 6484, Time: 00:12:39

Health: -7/73      AC:  9    Str:  7    XL:     10   Next: 8%
Gold:   383        EV: 17    Int: 22    God:
                   SH:  0    Dex: 19

rFire   + + .      SeeInvis .    r - +0 dagger (venom)
rCold   x . .      Faith    .    (no shield)
rNeg    . . .      Spirit   .    g - +2 robe {Will+}
rPois   ∞          Reflect  .    (no helmet)
rElec   .          Rampage  .    v - +2 cloak
rCorr   .                        u - +1 pair of gloves
Will    ++...                    (boots unavailable)
Stlth   ++                       (no amulet)
HPRegen 0.32/turn                n - +6 ring of dexterity
MPRegen 0.00/turn                (no ring)

@: flying
A: sickness immunity, fire resistance 2, cold vulnerability 1, float, innate
caster, HP casting, extra vitality 1
a: no special abilities


You were on level 9 of the Dungeon.
You visited 1 branch of the dungeon, and saw 10 of its levels.

You collected 383 gold pieces.

Inventory:

Hand Weapons
 p - a +0 flail
 r - a +0 dagger of venom (weapon)
Missiles
 h - 2 throwing nets
 m - 4 curare-tipped darts
 o - 23 poisoned darts
Armour
 a - a +0 robe
 g - a +2 robe of willpower (worn)
 q - a +0 scale mail
 t - a +0 cloak
 u - a +1 pair of gloves (worn)
 v - a +2 cloak (worn)
Jewellery
 j - a ring of willpower
 n - a +6 ring of dexterity (left hand)
Wands
 b - a wand of paralysis (9)
 i - a wand of mindburst (9)
Scrolls
 d - a scroll of immolation
 e - a scroll of teleportation
 k - 2 scrolls of noise
 s - 2 scrolls of enchant weapon
 x - a scroll of fear
Potions
 c - a potion of resistance
 f - 3 potions of curing
 w - 2 potions of berserk rage
 z - a potion of mutation {unknown}


   Skills:
 + Level 6.4 Fighting
 + Level 7.6 Dodging
 - Level 1.5 Stealth
 * Level 7.6 Spellcasting


You knew the following spells:

 Your Spells              Type           Power      Damage    Failure   Level
a - Sting                 Tmut/Pois      100%       1d8       1%          1
b - Poisonous Vapours     Pois/Air       84%        N/A       1%          2
c - Mephitic Cloud        Conj/Pois/Air  42%        N/A       1%          3
d - Olgreb's Toxic Radia  Pois           42%        N/A       3%          4
e - Kiss of Death         Conj/Necr      100%       2d13      1%          1
f - Ensorcelled Hibernat  Hex/Ice        84%        N/A       1%          2
g - Spider Form           Tmut/Pois      42%        N/A       1%          3
h - Animate Dead          Necr           42%        N/A       3%          4
Your spell library was empty.

Dungeon Overview and Level Annotations

Branches:
Dungeon (10/15)
 Temple: D:4-7         Lair: D:8-11         Orc: D:9-12

Altars:
Elyvilon
Gozag
Makhleb
Uskayaw
Wu Jian
The Shining One

Shops:
D:2 ?


Innate Abilities, Weirdness & Mutations

You are immune to sickness and miasma.
You are immune to poison.
Your flesh is very heat resistant. (rF++)
You are vulnerable to cold. (rC-)
You float through the air rather than walking.
You learn spells naturally, not from books.
Your magical power is your life essence.
You have superior vitality. (+4 MHP)


Message History

The slime creature is moderately wounded.
The slime creature hits you.
You take 1 damage, and have 40/73 hp.
You hit the slime creature but do no damage.
The slime creature is moderately wounded.
The slime creature closely misses you.
You hit the slime creature.
The slime creature is moderately wounded.
The slime creature barely misses you.
You completely miss the slime creature.
The slime creature is moderately wounded.
The slime creature misses you.
You hit the slime creature.
The slime creature is moderately wounded.
The slime creature hits you!
You take 12 damage, and have 29/73 hp.
You hit the slime creature but do no damage.
The slime creature is moderately wounded.
The slime creature misses you.
You completely miss the slime creature.
The slime creature is moderately wounded.
The slime creature misses you.
The slime creature attacks as you move away!
The slime creature barely misses you.
The slime creature attacks as you move away!
The slime creature hits you.
You take 4 damage, and have 26/73 hp.
You hit the slime creature.
The slime creature looks even sicker.
The slime creature is moderately wounded.
The slime creature hits you!
* * * LOW HITPOINT WARNING * * *
You take 15 damage, and have 11/73 hp.
MASSIVE DAMAGE!!
You hit the slime creature but do no damage.
The slime creature is moderately wounded.
The slime creature hits you.
* * * LOW HITPOINT WARNING * * *
You take 3 damage, and have 8/73 hp.
The slime creature attacks as you move away!
The slime creature hits you!
You die...

......#.###.#.'...#..#.#.#
......#.# #.#.#...#..#.#.#
#######.###Z#.#...####...#
....###.....#.#.>.####...#
..#.#.#.....#Z#...#..'...#
....#.#.....#Z#...#.Z#...#
#...#.#.....#.#...#..#...#
'Z#.'.#.....#.#.J.#..#.#.#
#.#.#.#.....'.#.@.#..#...#
#...###.....#.#...#..#...#
##)####.Z...#.#...#..#.#.#
......#Z.##.#.#...#..#.#.#
#######Z.##.#.'...#..#.#.#
###..ZZ.....###...#..#...#
.Z'Z##.###'#......####...#
###....#...#......####.#Z#
.###...#...#......'..#...#


You could see a slime creature (very poisoned).

Vanquished Creatures
  2 trolls (D:9)
  3 yaks (D:9)
  A sky beast (D:7)
  An orc warrior (D:9)
  3 ogres
  3 centaurs
  2 phantoms
  A bullfrog (D:9)
  A kobold brigand (D:9)
  2 scorpions
  An orc priest (D:3)
  A hound (D:2)
  A jelly (D:4)
  An iguana (D:5)
  4 orc wizards
  A gnoll (D:1)
  5 adders
  A worm (D:4)
  2 dart slugs
  6 orcs
  4 endoplasms
  3 giant cockroaches
  9 goblins
  11 hobgoblins
  6 kobolds
  3 quokkas
  9 ball pythons
  5 bats
  4 frilled lizards
  7 rats
103 creatures vanquished.

Vanquished Creatures (collateral kills)
  4 yaks (D:9)
  An orc priest (D:9)
  An orc wizard (D:9)
  2 orcs (D:9)
  A kobold (D:9)
9 creatures vanquished.

Vanquished Creatures (others)
  A troll zombie (D:9)
1 creature vanquished.

Grand Total: 113 creatures vanquished

Notes
Turn   | Place    | Note
-------+----------+-------------------------------------------
     0 | D:1      | jasper the Djinni Venom Mage began the quest for the Orb.
     0 | D:1      | jasper set off with the following spells memorised: Sting,
                  | Poisonous Vapours, Mephitic Cloud, Olgreb's Toxic Radiance.
     0 | D:1      | Reached XP level 1. HP: 15/15 MP: 0/0
   146 | D:1      | Found a faded altar of an unknown god.
   174 | D:1      | Reached XP level 2. HP: 19/22 MP: 0/0
   630 | D:1      | Reached XP level 3. HP: 19/26 MP: 0/0
   630 | D:1      | Learned a level 1 spell: Kiss of Death
   809 | D:1      | Reached skill level 1 in Fighting
  1082 | D:2      | Reached XP level 4. HP: 25/32 MP: 0/0
  1680 | D:2      | Found Galuinn's Magic Scroll Emporium.
  2031 | D:3      | Noticed an ogre
  2077 | D:2      | Reached XP level 5. HP: 16/38 MP: 0/0
  2077 | D:2      | Learned a level 2 spell: Ensorcelled Hibernation
  2626 | D:3      | Reached XP level 6. HP: 41/44 MP: 0/0
  2808 | D:3      | Killed an ogre
  3199 | D:4      | Reached XP level 7. HP: 16/50 MP: 0/0
  3199 | D:4      | Learned a level 3 spell: Spider Form
  3561 | D:5      | Entered Level 5 of the Dungeon
  3656 | D:5      | Found an opulent altar of Gozag.
  3689 | D:5      | Found a burning altar of Makhleb.
  3689 | D:5      | Found a glowing golden altar of the Shining One.
  3762 | D:5      | Found an ornate altar of the Wu Jian Council.
  3782 | D:6      | Reached skill level 5 in Spellcasting
  3782 | D:6      | Reached XP level 8. HP: 55/58 MP: 0/0
  3848 | D:6      | Reached skill level 5 in Dodging
  4364 | D:9      | Noticed a troll
  4378 | D:9      | Killed a troll
  4397 | D:9      | Reached XP level 9. HP: 19/64 MP: 0/0
  4397 | D:9      | Learned a level 4 spell: Animate Dead
  4404 | D:9      | Reached skill level 5 in Fighting
  4659 | D:9      | Noticed a troll
  4694 | D:9      | Killed a troll
  5513 | D:9      | Reached XP level 10. HP: 37/72 MP: 0/0
  5975 | D:10     | Entered Level 10 of the Dungeon
  5975 | D:10     | Found a white marble altar of Elyvilon.
  5975 | D:10     | Found a hide-covered altar of Uskayaw.
  6170 | D:10     | Noticed a two-headed ogre
  6484 | D:9      | Mangled by a slime creature

Illustrated notes

Levels and vault maps discovered:
D:1:      kilobyte_arrival_exit_the_forest, layout_basic,
          shapermc_ecumenical_altar_gd, kennysheep_flooded_box,
          serial_bayou_pond_e, hangedman_decor_clover_reticule,
          minmay_tetromino_l2
D:2:      layout_basic, basic_altar, serial_shops, shop,
          kennysheep_generic_room_8
D:3:      layout_rooms
D:4:      layout_rooms, gammafunk_temple_overflow_elements, roderic_lattice_a,
          item_on_display_a
D:5:      layout_basic, mainiacjoe_overflow_surrounded_room, minitemple,
          mainiacjoe_overflow_catwalk, gup_sewer_entry_pipe
D:6:      kennysheep_steamy, layout_basic, minmay_temple_entry_offerings,
          corexii_shack
D:7:      layout_cave_pods, mainiacjoe_overflow_cross_hatched
D:8:      layout_basic, hangedman_decor_lopped, chequers_serial_rivers_small_b
D:9:      layout_stronghold
D:10:     layout_basic, mainiacjoe_overflow_small_starburst,
          lemuel_doored_altar, nicolae_uskayaw_murder_on_the_dancefloor,
          grunt_lair_entry_orc_guard_hut, orc_0_dummy

Skill      XL: |  1  2  3  4  5  6  7  8  9 |
---------------+----------------------------+-----
Fighting       | 1 2 3 4 6 |  6.4
Spellcasting   | 3 4 5 6 7 |  7.6
Dodging        | 3 4 6 7 |  7.6
Stealth        | |  1.5

Action                     |  1- 3 |  4- 6 |  7- 9 | 10-12 || total
---------------------------+-------+-------+-------+-------++-------
  Melee: Dagger            |       |     9 |    98 |    27 ||   134
         Unarmed           |       |     1 |    22 |       ||    23
         Flail             |       |    22 |     6 |       ||    28
         Punch             |       |     1 |     1 |       ||     2
  Throw: Dart              |       |     1 |       |       ||     1
   Cast: Sting             |    22 |    63 |    29 |     1 ||   115
         Poisonous Vapours |    25 |    38 |    16 |     7 ||    86
         Mephitic Cloud    |       |     2 |     8 |       ||    10
         Ensorcelled Hiber |       |     1 |     5 |     1 ||     7
         Spider Form       |       |       |     1 |       ||     1
         Kiss of Death     |       |       |     1 |       ||     1
         Animate Dead      |       |       |     2 |       ||     2
    Use: Potion            |       |     4 |     1 |       ||     5
         Scroll            |       |       |    11 |     3 ||    14
   Stab: Sleeping          |       |     1 |     2 |     1 ||     4
         Confused          |       |       |     2 |       ||     2
 Armour: Robe              |     9 |    17 |    29 |     4 ||    59
         Skin              |       |       |     1 |       ||     1
  Dodge: Dodged            |    17 |    66 |    98 |    25 ||   206

Table legend: (Time is in decaauts)
 A = Elapsed time spent in this place.
 B = Non-inter-level travel time spent in this place.
 C = Inter-level travel time spent in this place.
 D = Time resting spent in this place.
 E = Time spent auto-exploring this place.
 F = Levels seen in this place.
 G = Mean time per level.
                   A        B        C        D        E       F      G
               +--------+--------+--------+--------+--------+-----+--------+
         Total |   6474 |   6264 |    210 |   1329 |   3601 |  10 |  647.4 |
       Dungeon |   6474 |   6264 |    210 |   1329 |   3601 |  10 |  647.4 |
               +--------+--------+--------+--------+--------+-----+--------+

Top non-repeatable levels by time:
     D:9: 2186 daAuts
     D:2: 1092 daAuts
     D:1: 1073 daAuts
     D:3: 693 daAuts
     D:4: 689 daAuts
     D:7: 222 daAuts
     D:5: 209 daAuts
     D:6: 189 daAuts
     D:8: 66 daAuts
    D:10: 50 daAuts
